[Event "Early-Titled-Tuesday-Blitz-April-23-2024"]
[Site "Chess.com"]
[Date "2024.04.23"]
[Round "9"]
[White "RobertoJBM"]
[Black "ProtectiveCarrot"]
[Result "0-1"]
[WhiteElo "2804"]
[BlackElo "2398"]
[TimeControl "180+1"]
[EndTime "9:50:23 PDT"]
[Termination "ProtectiveCarrot won on time"]

1. d4 a6 2. e4 e6 3. Nf3 d5 4. Nbd2 c5 5. exd5 exd5 6. c3 Nc6 7. dxc5 Bxc5 8. Nb3 Ba7 9. Be2 Nge7 10. O-O O-O 11. Nfd4 Re8 12. Be3 Ne5 13. Nc2 Bb8 14. Re1 Nc4 15. Bxc4 dxc4 16. Qxd8 Rxd8 17. Na5 b5 18.
Bg5 f6 19. Rxe7 fxg5 20. Nc6 Bd6 21. Re2 Rf8 22. Ne7+ Bxe7 23. Rxe7 Rf7 24. Re8+ Rf8 25. Rae1 Bd7 26. R8e7 Rf7 27. f3 Rb8 28. a3 a5 29.
R7e5 h6 30. h3 Rb6 31. Rd1 Kf8 32. Rd4 Rf5 33. Rxf5+ Bxf5 34. Ne3 Bd3 35. Kf2 Kf7 36.
h4 gxh4 37. Rxh4 g5 38. Rd4 Ke6 39. g4 Rb7 40. b4 axb4 41. axb4 Ra7 42. Kg3 Ra2 43.
f4 Re2 44. Kf3 gxf4 45. Kxf4 Rf2+ 46. Kg3 Re2 47. Nd5 Rc2 48. Nc7+ Ke5 49. Nxb5 Rxc3 50.
Rf4 Rb3 51. Nd4 Ra3 52. Nb5 Rb3 53. Nd4 Ra3 54. Nf3+ Ke6 55. Rd4 Be2 56. Re4+ Kd5 57. Rxe2 c3 58. Re5+ Kc4 0-1

[Event "Early-Titled-Tuesday-Blitz-April-23-2024"]
[Site "Chess.com"]
[Date "2024.04.23"]
[Round "9"]
[White "KuzubovYuriy"]
[Black "Elegance_Riks"]
[Result "1-0"]
[WhiteElo "2934"]
[BlackElo "2796"]
[TimeControl "180+1"]
[EndTime "9:50:26 PDT"]
[Termination "KuzubovYuriy won by resignation"]

1. d4 g6 2. Nf3 Bg7 3. e4 d6 4.
Bb5+ c6 5. Bd3 Nf6 6. O-O O-O 7. Re1 Qc7 8. Nbd2 e5 9. c3 Re8 10. Nf1 Nbd7 11. Ng3 b6 12. a4 a5 13. h3 h6 14.
Bd2 Bb7 15. Qc2 Nf8 16. Rad1 Ne6 17. Qc1 Kh7 18. Bc2 b5 19. Bb3 Ba6 20. h4 bxa4 21. Bxa4 h5 22. Bb3 Kg8 23. Bh6 Bxh6 24. Qxh6 Ng4 25. Qd2 Rab8 26. Bxe6 Rxe6 27. Ng5 Re7 28. Ra1 Bc4 29. Nf1 Qb6 30. f3 Nf6 31. Ne3 d5 32. dxe5 Rxe5 33. Kh1 Bb3 34. Qd4 Qc7 35. exd5 Nxd5 36. Nxd5 Rxd5 37. Qf6 Rf5 38. Qe7 Qg3 39.
Re4 Bd5 40. Rd4 Rxb2 41. Rg1 Rf4 42. Qe8+ Kg7 43. Qe5+ f6 44. Qxf4 Qxf4 45. Rxf4 fxg5 46. hxg5 Re2 47. Ra1 Re5 48. Rxa5 Re1+ 49. Kh2 Rc1 50. Rc5 Rc2 51. c4 Be6 52. Rxc6 Bf5 53. Rc7+ Kf8 54. Rd4 Ke8 55. c5 Rc3 56. c6 Rc2 57.
Ra4 Kd8 58. Rg7 Rxc6 59. Ra8+ Bc8 60. Kg3 Rc5 61. Kf4 Rf5+ 62. Ke4 Rc5 63. Kd4 Rc6 64.
Rg8+ Kd7 65. Raxc8 Rxc8 66. Rxc8 Kxc8 67. Ke5 Kd7 68. Kf6 h4 69. Kxg6 Ke6 70. Kh5 h3 71. gxh3 1-0

[Event "Early-Titled-Tuesday-Blitz-April-23-2024"]
[Site "Chess.com"]
[Date "2024.04.23"]
[Round "9"]
[White "Thebigsqueeze"]
[Black "jbking07"]
[Result "1-0"]
[WhiteElo "2326"]
[BlackElo "2448"]
[TimeControl "180+1"]
[EndTime "9:50:26 PDT"]
[Termination "Thebigsqueeze won by resignation"]

1. d4 d5 2. Nf3 Nf6 3. g3 g6 4. Bg2 Bg7 5. O-O O-O 6. c4 c6 7. b3 Re8 8. Bf4 a5 9. Nc3 Nh5 10. Rc1 Nxf4 11. gxf4 Bg4 12. Ne5 Bf5 13. cxd5 f6 14. Nc4 cxd5 15. Bxd5+ e6 16. Bxb7 Ra7 17.
Bg2 g5 18. fxg5 fxg5 19. e3 Na6 20. Ne5 Rc7 21. Qe2 Nb4 22. Rfd1 Qc8 23. e4 Bg6 24. Nc4 Rd8 25. e5 h6 26. Ne4 Nd5 27. Ned6 Qb8 28.
Nxa5 Nf4 29. Qf3 Rxc1 30. Rxc1 Qb4 31. Nac4 Kh7 32. Bf1 Bh5 33. Qc3 Qb8 34. Ne3 Bf3 35. Bg2 Ne2+ 36. Kf1 Nxc3 37. Bxf3 Nd5 38. Nxd5 exd5 39.
Bxd5 Rxd6 40. exd6 Qxd6 41. Be4+ Kg8 42. d5 Qe5 43. Bf3 Kf7 44. Rc6 Qa1+ 45. Kg2 Be5 46. d6 Qd4 47. Bh5+ Kf6 48. d7+ Ke7 49. Be8 Qf4 50.
Rc4 Qxh2+ 51. Kf1 Qh1+ 52. Ke2 Qd5 53. a4 Bd6 54. a5 h5 55. a6 Qb5 56. d8=Q+ Kxd8 57. Bxb5 1-0

[Event "Early-Titled-Tuesday-Blitz-April-23-2024"]
[Site "Chess.com"]
[Date "2024.04.23"]
[Round "9"]
[White "Ginger_GM"]
[Black "KhazhatulyAlikhan"]
[Result "1-0"]
[WhiteElo "2671"]
[BlackElo "2489"]
[TimeControl "180+1"]
[EndTime "9:50:36 PDT"]
[Termination "Ginger_GM won by resignation"]

1. e4 c5 2. a3 g6 3. Nc3 Bg7 4. f4 Nc6 5. Nf3 d6 6. Bb5 Bd7 7. O-O Nd4 8. Bc4 Nf6 9. d3 Bg4 10. Ne2 Nxf3+ 11. gxf3 Bh3 12. Rf2 Qd7 13. a4 a6 14. Kh1 O-O 15. Ng1 Be6 16. a5 d5 17.
exd5 Bxd5 18. Qe2 Bxc4 19. dxc4 Rfd8 20. Be3 Rac8 21. Ra3 Qf5 22. Rb3 Rd7 23. Rg2 h6 24. Qf2 Nh5 25. Rg4 Nf6 26. Rg2 Nh5 27. Rg4 Nf6 28. Rh4 Nh5 29. Kg2 Bf6 30. Rg4 Kh7 31. Rb6 Bg7 32. Ne2 Qxc2 33. Ng3 Qxf2+ 34. Kxf2 Nf6 35.
Rh4 Ne8 36. f5 Nd6 37. fxg6+ fxg6 38. b3 h5 39. Ne4 Nf5 40. Ng5+ Kh8 41. Re4 Bf6 42.
Ne6 Kg8 43. Nxc5 Rdc7 44. Ne6 Rd7 45. Nc5 Rdc7 46. Nd3 Nxe3 47. Kxe3 Kf7 48. Nf4 Rd7 49.
Nd5 Rc6 50. f4 Rxb6 51. axb6 Rd6 52. c5 Rc6 53. b4 e6 54. Nc7 a5 55. Kd3 axb4 56.
Kc4 Be7 57. Re5 Bf6 58. Re2 Be7 59. Na6 Bf8 60. Kxb4 Be7 61. Kb5 Kf6 62. Re5 Kf7 63.
Nb4 Rc8 64. c6 Bxb4 65. cxb7 Rb8 66. Kxb4 Rxb7 67. Kb5 Kf6 68. Kc6 Rb8 69. h4 Rb7 70.
Kxb7 1-0

[Event "Early-Titled-Tuesday-Blitz-April-23-2024"]
[Site "Chess.com"]
[Date "2024.04.23"]
[Round "9"]
[White "AlexanderKing"]
[Black "Jojo_898"]
[Result "1/2-1/2"]
[WhiteElo "2575"]
[BlackElo "2451"]
[TimeControl "180+1"]
[EndTime "9:50:36 PDT"]
[Termination "Game drawn by repetition"]

1. g3 Nf6 2. Bg2 d5 3. Nf3 c6 4. c4 g6 5. O-O Bg7 6. d4 O-O 7.
Qb3 Qb6 8. Nc3 dxc4 9. Qxc4 Be6 10. Qa4 Nbd7 11. e4 Rfd8 12. h3 a5 13. Rb1 Qb4 14. Qc2 a4 15. Be3 Nb6 16. Rfd1 Nc4 17. Bc1 Qa5 18.
Ng5 Bc8 19. Bf1 b5 20. Bg2 h6 21. Nf3 Nb6 22. b3 b4 23. Nxa4 Nxa4 24. bxa4 Qxa4 25. Qxa4 Rxa4 26. Ne5 Bd7 27. Rd2 Be8 28. Rdb2 Rxd4 29.
Be3 Rd6 30. Rxb4 Rxb4 31. Rxb4 Rd1+ 32. Kh2 Nxe4 33. Rxe4 f6 34. Nf3 e5 35. Ra4 Bf7 36.
Ra8+ Kh7 37. a4 f5 38. a5 g5 39. Bxg5 hxg5 40. Nxg5+ Kg6 41. Nxf7 Kxf7 42. Bxc6 Ra1 43. a6 Ra2 44. Kg2 e4 45. a7 Bd4 46. g4 f4 47. h4 Rxf2+ 48. Kh3 Ra2 49. g5 e3 50. g6+ Kxg6 51. Rg8+ Kf7 52. a8=Q Rxa8 53. Rxa8 e2 54. Bd5+ Kf6 55. Re8 Be3 56. Rf8+ Kg7 57. Rf7+ Kg6 58. h5+ Kxh5 59. Bf3+ Kg6 60. Bxe2 Kxf7 61. Kg4 Kf6 62. Kf3 Ke6 63. Bf1 Kf6 64. Be2 Ke6 65. Bf1 Kf6 66. Be2 1/2-1/2

[Event "Early-Titled-Tuesday-Blitz-April-23-2024"]
[Site "Chess.com"]
[Date "2024.04.23"]
[Round "9"]
[White "Kushch_Nikolai"]
[Black "Chernov_Alexander_A"]
[Result "0-1"]
[WhiteElo "2372"]
[BlackElo "2270"]
[TimeControl "180+1"]
[EndTime "9:50:37 PDT"]
[Termination "Chernov_Alexander_A won by resignation"]

1. Nf3 d5 2. d4 c5 3. c4 e6 4. e3 Nc6 5. Nc3 Nf6 6. Bd3 dxc4 7. Bxc4 a6 8. a4 Be7 9. O-O cxd4 10. exd4 O-O 11. Re1 Nb4 12. Be3 Bd7 13. Bb3 Bc6 14. Ne5 Bd5 15. Nxd5 Nbxd5 16. Bd2 Rc8 17. Qe2 Qb6 18.
Bxd5 exd5 19. Bc3 Rfe8 20. a5 Qd6 21. Qf3 Bf8 22. h3 Re6 23. Re3 Rce8 24. Rae1 Qc7 25. Qe2 Ne4 26. Ra1 Nxc3 27. bxc3 f6 28. Ng4 Rxe3 29. Nxe3 Qxc3 30. Rd1 Qxa5 31. Qf3 Rd8 32. g4 Qc7 33. h4 Qd6 34. Nf5 Qe6 35. Kf1 Qe4 36.
Qh3 g6 37. Re1 Qf4 38. Ne3 Qxd4 39. h5 Qd3+ 40. Kg1 Qe4 41. hxg6 hxg6 42. f3 Qf4 43.
Ng2 Qd2 44. Qg3 Qd4+ 45. Kh1 Qc5 46. Re6 Qc1+ 47. Kh2 Qh6+ 48. Kg1 Bc5+ 49. Kf1 Qc1+ 50. Ne1 Qc4+ 51. Kg2 Qd4 52. Kh1 Kf7 53. Re2 Rh8+ 54. Rh2 Rxh2+ 55. Qxh2 Qe3 56. Qh7+ Ke6 57. Qg8+ Kd6 58.
Qf8+ Kc6 59. Qc8+ Kb6 60. Qd8+ Kc6 61. Qc8+ Kb6 62. Qd8+ Ka7 0-1

[Event "Early-Titled-Tuesday-Blitz-April-23-2024"]
[Site "Chess.com"]
[Date "2024.04.23"]
[Round "9"]
[White "chess123456s"]
[Black "Smiechu"]
[Result "1-0"]
[WhiteElo "2604"]
[BlackElo "2457"]
[TimeControl "180+1"]
[EndTime "9:50:38 PDT"]
[Termination "chess123456s won by resignation"]

1. e4 c5 2. Nf3 g6 3. d4 cxd4 4. Nxd4 Nc6 5. c4 Nf6 6. Nc3 Nxd4 7. Qxd4 d6 8. f3 Bg7 9. Be3 O-O 10. Qd2 a5 11. b3 a4 12. b4 a3 13. Be2 Be6 14.
Rc1 Qc7 15. Nd5 Bxd5 16. exd5 Nd7 17. O-O Rfc8 18. f4 Bb2 19. Rc2 b5 20. c5 dxc5 21. bxc5 b4 22. Qd3 Ra5 23. c6 Nf6 24. Bf3 Qd6 25. Rd1 Rb8 26. Qb3 Bc3 27. Qc4 Rc8 28. Bb6 Raa8 29. Bc5 Qc7 30. Re2 Re8 31. Rxe7 Rxe7 32.
d6 Qa5 33. dxe7 Re8 34. Rb1 Qa8 35. c7 Qc8 36. Bd6 Nd7 37. Bc6 Nb6 38. Qb5 Rxe7 39. Bxe7 Qxc7 40. Rd1 Qxe7 41. Bf3 Qe6 42. Qf1 Qxa2 43.
Rd8+ Kg7 44. h4 Bf6 45. Rd1 Qb3 46. h5 a2 47. hxg6 hxg6 48. f5 a1=Q 49. Rxa1 Bxa1 50. Qxa1+ Qc3 51. Qa6 Qd4+ 52. Kh2 b3 53. fxg6 Kxg6 54. Qb5 b2 55. Qh5+ Kf6 56. Qh8+ Kf5 57. Qxd4 b1=Q 58.
Qc5+ Kf4 59. Qd6+ Kf5 60. Qc5+ Kg6 61. Qc6+ f6 62. Be4+ Kg5 63. Bxb1 1-0

[Event "Early-Titled-Tuesday-Blitz-April-23-2024"]
[Site "Chess.com"]
[Date "2024.04.23"]
[Round "9"]
[White "x-7171385435"]
[Black "kekic76"]
[Result "0-1"]
[WhiteElo "2148"]
[BlackElo "2353"]
[TimeControl "180+1"]
[EndTime "9:50:38 PDT"]
[Termination "kekic76 won by resignation"]

1. d4 d5 2. Bf4 c5 3. e3 Nc6 4. c3 Nf6 5. Nd2 Bf5 6. Qb3 Qd7 7. Ngf3 c4 8. Qd1 e6 9. b3 cxb3 10.
axb3 Bd6 11. Ne5 Bxe5 12. dxe5 Ng4 13. Nf3 Be4 14. Bb5 a6 15. Bxc6 Qxc6 16. Qd4 h5 17. h3 Bxf3 18. gxf3 Nh6 19. Bxh6 Rxh6 20. Rg1 Kf8 21.
Kd2 g6 22. f4 Rh8 23. Ra5 Rc8 24.
Rc1 Ke7 25. c4 dxc4 26. Rxc4 Rhd8 27. Rxc6 Rxc6 28. Qxd8+ Kxd8 29. Kd3 Rc1 30. Ra2 Rh1 31. Ke4 Rxh3 32. Rd2+ Kc7 33. Rc2+ Kb8 34. Rd2 Kc7 35. Rc2+ Kd8 36. Rd2+ Ke7 37. Rc2 b5 38. Rc7+ Kf8 39.
Ra7 Rh2 40. Rxa6 Rxf2 41. Rb6 h4 42. Rxb5 h3 43. Rb8+ Kg7 44. Rc8 Rb2 45. Rc1 Rxb3 46.
Rh1 Rb4+ 47. Kf3 Rb2 48. Rxh3 Rb1 49. Rg3 Rf1+ 50. Ke4 Rd1 51. Rg2 Rd8 52. Rb2 Rc8 53. Rb7 Rc4+ 54. Kf3 Rc2 55. Rd7 Rc3 56. Rb7 Rc2 57.
Rd7 Rc1 58. Rb7 Rf1+ 59. Ke4 Rd1 60. Ra7 Rd5 61. Rb7 Rd8 62. Re7 Rc8 63. Rb7 Rd8 64.
Rc7 Rb8 65. Ra7 Rc8 66. Rd7 Rc4+ 67. Kf3 Rc3 68. Rc7 Rxc7 69. Kg4 Rc1 0-1

[Event "Early-Titled-Tuesday-Blitz-April-23-2024"]
[Site "Chess.com"]
[Date "2024.04.23"]
[Round "9"]
[White "Prizant_academy"]
[Black "kids2010"]
[Result "1-0"]
[WhiteElo "2945"]
[BlackElo "2795"]
[TimeControl "180+1"]
[EndTime "9:50:40 PDT"]
[Termination "Prizant_academy won by checkmate"]

1. d4 d5 2. c4 e6 3. Nf3 Nf6 4. Qc2 c5 5. dxc5 Nc6 6. cxd5 Qxd5 7. Nc3 Qxc5 8. a3 Bd7 9. e3 Be7 10. Bd3 O-O 11. O-O Rac8 12. Qe2 Qh5 13. Bd2 e5 14.
Ne4 Nxe4 15. Bxe4 Be6 16. Bc3 Bd6 17. Rfe1 f6 18. Rad1 Be7 19. Qb5 Rc7 20. h3 Qf7 21. Qd3 g6 22. Qb1 Rfc8 23. Rd2 b6 24. Red1 Na5 25. Bxa5 bxa5 26. Qd3 Bc4 27. Qb1 Bb3 28. Bd5 Bxd5 29. Rxd5 a4 30. Qd3 Qe6 31. e4 Rc2 32. Rd2 Rc1+ 33. Kh2 R1c4 34. Rd7 R4c7 35. Rd5 Kf7 36.
Qb5 Qc6 37. Qa5 Rb7 38. g3 Ke8 39. Kg2 Rcb8 40. R2d3 Rxb2 41. Qxa7 Qb6 42. Qd7+ Kf8 43. Rd2 Rxd2 44. Nxd2 Rd8 45. Qxa4 Rc8 46. Nc4 Qc6 47.
Qxc6 Rxc6 48. Na5 Ra6 49. a4 Bb4 50. Nc4 Rxa4 51. Nb6 Ra2 52. Kf3 Be1 53. Rd8+ Ke7 54. Rd7+ Ke6 55. Rxh7 Rxf2+ 56. Ke3 f5 57. Nd5 f4+ 58.
gxf4 exf4+ 59. Kd3 Rh2 60. Re7+ Kd6 61. Kc4 Bg3 62. e5+ Kc6 63. Rc7# 1-0

[Event "Early-Titled-Tuesday-Blitz-April-23-2024"]
[Site "Chess.com"]
[Date "2024.04.23"]
[Round "9"]
[White "Aradhya2000"]
[Black "Anton_Demchenko"]
[Result "0-1"]
[WhiteElo "2845"]
[BlackElo "2982"]
[TimeControl "180+1"]
[EndTime "9:50:41 PDT"]
[Termination "Anton_Demchenko won by checkmate"]

1. d4 Nf6 2. c4 d6 3. Nf3 Nc6 4. Nc3 e5 5. g3 Be7 6. Bg2 O-O 7. O-O h6 8. h3 Bf5 9. dxe5 dxe5 10.
Be3 Be6 11. b4 Bxb4 12. Qb3 Qc8 13. Nd5 Be7 14. Nxe5 Bxd5 15. Ng6 fxg6 16. cxd5 Na5 17. Qa4 b6 18. d6 Bxd6 19. Bxa8 Qxa8 20. Rac1 Re8 21. Qc2 Kh7 22. Bd4 Qe4 23. Rfd1 Qxe2 24. Qc3 Ne4 25. Qa1 Ng5 26. h4 Nf3+ 27. Kg2 Qe4 28.
Be3 Nxh4+ 29. Kf1 Qh1+ 30. Ke2 Qf3+ 31. Kd2 Nf5 32. Re1 Bb4+ 33. Rc3 Nc4+ 34. Kc2 Ncxe3+ 35. fxe3 Bxc3 36. Qxc3 Rxe3 37. Rxe3 Qxe3 38. Qxc7 Nd4+ 39. Kb2 Qd2+ 40. Kb1 Qd3+ 41. Kb2 Qb5+ 42. Kc1 Qc5+ 43. Qxc5 bxc5 44. Kd2 h5 45. Kd3 Nf5 46. Kc4 Nxg3 47. Kxc5 h4 48. Kd4 h3 49. Ke3 h2 50. Kf2 Nf5 51.
Kg2 Nd6 52. Kxh2 Nb5 53. Kg3 Nc3 54. a3 Nb5 55. a4 Nc3 56. a5 g5 57. Kf3 Kg6 58.
Ke3 g4 59. Kd4 Ne2+ 60. Ke3 Nc1 61. Kf4 Kh5 62. Kg3 Nb3 63. a6 Nc5 64. Kg2 Nxa6 65.
Kg3 Nc5 66. Kg2 g5 67. Kg3 a5 68. Kg2 a4 69. Kg3 a3 70. Kg2 a2 71. Kg3 a1=Q 72.
Kg2 Qa3 73. Kh2 Kg6 74. Kg2 Kf5 75. Kg1 g3 76. Kg2 Kg4 77. Kg1 Kf3 78. Kf1 Qc1# 0-1

[Event "Early-Titled-Tuesday-Blitz-April-23-2024"]
[Site "Chess.com"]
[Date "2024.04.23"]
[Round "9"]
[White "IM_ArthurDW08"]
[Black "GMKrikor"]
[Result "0-1"]
[WhiteElo "2730"]
[BlackElo "2901"]
[TimeControl "180+1"]
[EndTime "9:50:50 PDT"]
[Termination "GMKrikor won by resignation"]

1. e4 c5 2. Nf3 Nc6 3. d4 cxd4 4.
Nxd4 Nf6 5. Nc3 e5 6. Nde2 Bc5 7.
Ng3 d6 8. Be2 O-O 9. O-O h6 10.
Na4 Qe7 11. c3 a6 12. Nxc5 dxc5 13. Be3 Be6 14. Qc2 b6 15. a3 a5 16. h3 Qc7 17.
Nh5 Nxh5 18. Bxh5 a4 19. Bg4 Bxg4 20. hxg4 Qd7 21. f3 Qe6 22. Rfd1 Na5 23. Rd5 Nc4 24. Bf2 Rfd8 25. Rad1 Rxd5 26. exd5 Qd7 27. Qe2 Qb5 28. Bg3 f6 29. Kh2 Rd8 30. f4 exf4 31. Qe6+ Kh8 32. Bxf4 Qd7 33. Qe4 b5 34. d6 Nxb2 35. Rd5 Nc4 36. Qe7 Kg8 37. Qxd7 Rxd7 38. Rxc5 Kf7 39.
Rxb5 Nxd6 40. Rb4 Ke6 41. Rxa4 Nb5 42. Ra6+ Kd5 43. Ra5 Kc4 44. Bg3 Nxc3 45. Ra8 Ne4 46. Ra4+ Kd3 47. Ra8 Rb7 48. Rd8+ Ke2 49. Re8 Kd3 50. a4 Rb2 51. Rd8+ Ke3 52. a5 Ra2 53. Rd5 Nxg3 54. Kxg3 Ke4 55. Rb5 Kd4 56. Kh3 Kc4 57.
Rf5 Ra3+ 58. Kh4 Ra2 59. Kg3 Kb4 60. Kh3 Rxa5 61. Rf4+ Kc5 62. Rf5+ Kb6 63. Rxa5 Kxa5 64.
Kh4 g6 65. Kg3 Kb5 66. Kf4 Kc5 67. Ke4 Kc4 68. g3 Kc5 69. Ke3 Kd5 70. Kd3 Ke5 71.
Ke3 f5 72. gxf5 Kxf5 73. Kf3 h5 74. Kg2 Kg4 75. Kh2 Kf3 76. Kh3 g5 77. Kh2 g4 0-1

[Event "Early-Titled-Tuesday-Blitz-April-23-2024"]
[Site "Chess.com"]
[Date "2024.04.23"]
[Round "9"]
[White "patzer-reloaded"]
[Black "mertfelin"]
[Result "1/2-1/2"]
[WhiteElo "2428"]
[BlackElo "2282"]
[TimeControl "180+1"]
[EndTime "9:50:50 PDT"]
[Termination "Game drawn - insufficient material"]

1. d4 d5 2. c4 e6 3. Nc3 Be7 4. Nf3 Nf6 5. Bg5 h6 6. Bxf6 Bxf6 7.
cxd5 exd5 8. e3 O-O 9. Bd3 c6 10.
O-O Nd7 11. Qc2 Re8 12. b4 Nb6 13. a4 a6 14. a5 Nd7 15. Rad1 Qe7 16. Qb3 g6 17. e4 dxe4 18. Rfe1 Qf8 19. Bxe4 Qg7 20. Re3 Nf8 21. Rde1 Be6 22. d5 cxd5 23. Nxd5 Rac8 24. Nxf6+ Qxf6 25. Qb1 Rc7 26. h3 Rec8 27. Qd3 Rc4 28. Bd5 Rc3 29. Qe4 Rxe3 30. Rxe3 Rc1+ 31. Kh2 Bf5 32.
Qe5 Qd8 33. g4 Be6 34. Bxe6 Nxe6 35. Kg2 Qd1 36. Re1 Qc2 37. Rxc1 Qxc1 38. Nd4 Qf4 39. Qxf4 Nxf4+ 40. Kg3 Nd5 41. Nc2 Kf8 42. Kf3 Ke7 43.
Ke4 Kd6 44. f4 Nc3+ 45. Kd4 Nd5 46. f5 Nf4 47. fxg6 fxg6 48. h4 Ng2 49. h5 gxh5 50.
gxh5 Nf4 51. Ne3 Nxh5 52. Nf5+ Kc6 53. Nxh6 Kb5 54. Kc3 Nf4 55. Nf5 Nd5+ 56. Kd4 Nxb4 57. Nd6+ Kc6 58. Nc4 Nd5 59. Ne5+ Kd6 60. Nc4+ Kc6 61.
Ne5+ Kd6 62. Nc4+ Ke6 63. Kc5 Nc3 64. Kb6 Kd5 65. Kxb7 Kxc4 66. Kxa6 Nb5 67. Kb7 Kb4 68.
a6 Ka4 69. Kb6 Kb4 70. Kc6 Ka4 71. Kb6 Kb4 72. Kc6 Ka4 73. Kb7 Kb4 74. a7 Nxa7 1/2-1/2

[Event "Early-Titled-Tuesday-Blitz-April-23-2024"]
[Site "Chess.com"]
[Date "2024.04.23"]
[Round "9"]
[White "kai_nov"]
[Black "grantelgibbs"]
[Result "1-0"]
[WhiteElo "2264"]
[BlackElo "1918"]
[TimeControl "180+1"]
[EndTime "9:50:51 PDT"]
[Termination "kai_nov won on time"]

1. e4 d6 2. d4 g6 3. Nc3 Bg7 4. Nf3 c6 5. Bf4 Qb6 6. a3 Bg4 7. Be3 Bxf3 8. gxf3 Nd7 9. Bh3 e6 10. O-O Qa5 11. d5 exd5 12. exd5 Bxc3 13. dxc6 Ne5 14. cxb7 Rb8 15. Qxd6 Qd8 16. Qxd8+ Kxd8 17. bxc3 Rxb7 18.
f4 Nc6 19. Bg2 Rc7 20. Rfd1+ Ke7 21. Bxc6 Rxc6 22. Bxa7 Nf6 23. Bd4 Re8 24. Re1+ Re6 25. Rxe6+ fxe6 26. a4 Ra8 27. a5 Ra6 28. Bc5+ Kd7 29.
Bb4 Nd5 30. Rd1 Kc7 31. Rd4 Rc6 32. Bf8 Rxc3 33. Ra4 Kb7 34. a6+ Ka8 35. Bg7 Rxc2 36. Be5 Rc6 37. Kg2 Rb6 38. a7 Rb7 39. Bd4 Nb6 40.
Bxb6 Rxb6 41. Kf3 Rb7 42. Ke4 Rb2 43. Ke5 Rxf2 44. Kxe6 Rxh2 45. Kf6 Rb2 46. Kg7 Rb7+ 47. Kh6 Rc7 48. Kg5 Rf7 49. Kh6 Rb7 50. Ra6 Rf7 51.
Ra4 Rb7 52. Kg5 Rf7 53. Kg4 Rb7 54. Kf3 Rf7 55. Ke4 Rf5 56. Kf3 h5 57. Kg3 Rf7 58.
Kh4 Rf5 59. Kg3 Rf7 60. Kh4 Rf5 61. Kh3 Rf7 62. Kg3 Rf5 63. Kh4 Rf7 64. Kg5 Rg7 65.
Kh6 Rg8 66. Ra6 h4 67. Rxg6 1-0

[Event "Early-Titled-Tuesday-Blitz-April-23-2024"]
[Site "Chess.com"]
[Date "2024.04.23"]
[Round "9"]
[White "Fjal"]
[Black "Ariadna_Atreides"]
[Result "1/2-1/2"]
[WhiteElo "2322"]
[BlackElo "2224"]
[TimeControl "180+1"]
[EndTime "9:50:52 PDT"]
[Termination "Game drawn - insufficient material"]

1. Nf3 Nf6 2. g3 d5 3. Bg2 Nbd7 4. O-O e5 5. c4 c6 6. e3 Bd6 7. d4 e4 8. Nfd2 h5 9. h4 Ng4 10. cxd5 cxd5 11. Nc3 Nxe3 12. fxe3 Bxg3 13. Ndxe4 dxe4 14. Nxe4 Qxh4 15. Nxg3 Qxg3 16. e4 Nf6 17. Bf4 Qg4 18.
e5 Qxd1 19. Rfxd1 Ng4 20. Rac1 h4 21. Bh3 Bf5 22. Rc7 O-O 23. d5 g6 24. Rd2 Rac8 25. d6 Rxc7 26. dxc7 Rc8 27. Rd8+ Kg7 28. Bg2 Rxc7 29.
Bd5 Rc2 30. Rb8 Rxb2 31. Bg5 h3 32. Rxb7 h2+ 33. Kh1 Rd2 34. Rxf7+ Kg8 35. Rxf5+ Rxd5 36. Rf1 Rd2 37. Bxd2 Nxe5 38. Kxh2 g5 39. Kg3 g4 40.
Rf5 Nf3 41. Rxf3 gxf3 42. Kxf3 Kf7 43. Ke4 Ke7 44. Kd5 Kd7 45. Kc5 Kc7 46. Kb5 Kb7 47. Ka5 a6 48. Be3 Ka8 49. Kb6 Kb8 50. Bf4+ Ka8 51. a3 a5 52. Bd2 a4 53. Ka6 Kb8 54.
Ba5 Ka8 55. Bb6 Kb8 56. Kb5 Ka8 57. Kb4 Kb8 58. Be3 Ka8 59. Bf4 Kb7 60. Kc5 Ka8 61. Kd6 Kb7 62. Kd7 Ka8 63. Bd6 Ka7 64. Kc8 Ka8 65.
Be7 Ka7 66. Bc5+ Ka8 67. Bd6 Ka7 68. Bb8+ Ka8 69. Bh2 Ka7 70. Bc7 Ka8 71. Be5 Ka7 72. Kd7 Ka8 73. Kc6 Ka7 74. Kb5 Ka8 75. Kxa4 Ka7 76. Kb5 Ka8 77. a4 Ka7 78. a5 Ka8 79. a6 Ka7 80. Bd4+ Ka8 81. a7 Kb7 82. a8=Q+ Kxa8 1/2-1/2

[Event "Early-Titled-Tuesday-Blitz-April-23-2024"]
[Site "Chess.com"]
[Date "2024.04.23"]
[Round "9"]
[White "inagreV"]
[Black "marcodobrikov"]
[Result "0-1"]
[WhiteElo "2414"]
[BlackElo "2702"]
[TimeControl "180+1"]
[EndTime "9:50:54 PDT"]
[Termination "marcodobrikov won by resignation"]

1. e4 a6 2. d4 b5 3. Nf3 g6 4.
a4 b4 5. Bc4 Bg7 6. O-O Bb7 7. Qe2 e6 8. d5 Ne7 9. Rd1 e5 10. d6 cxd6 11. Rxd6 Qc7 12. Rd1 O-O 13. Bg5 d6 14. Nbd2 Nbc6 15. c3 bxc3 16. bxc3 h6 17. Bxe7 Nxe7 18. Rab1 d5 19. exd5 Bxd5 20. Bxa6 Qxc3 21. Bb5 Nf5 22. Ne4 Bxe4 23. Qxe4 Nd4 24.
Nxe5 Bxe5 25. Rbc1 Nxb5 26. axb5 Qb2 27. Rc2 Qxb5 28.
Rcd2 Bf6 29. Rd6 Rae8 30. Qf3 Be5 31. R6d5 Qb8 32. h4 h5 33. Rd7 Rd8 34. g3 Rxd7 35. Rxd7 Kg7 36. Qe3 Bf6 37. Rd1 Qe5 38. Qb3 Rd8 39.
Rb1 Qf5 40. Rd1 Bd4 41. Rd2 Bf6 42. Re2 Rd4 43. Qe3 Rd1+ 44. Kg2 Rd6 45. Kh2 Re6 46.
Qd2 Rxe2 47. Qxe2 Bd4 48. Kg2 Qe5 49. Qd3 Qd5+ 50. Kf1 Kf6 51. Qd2 Ke6 52. Qe2+ Be5 53.
Qc2 Kd6 54. Qa4 Kc5 55. Qa5+ Kd4 56. Qd2+ Kc4 57. Qc2+ Bc3 58. Qa4+ Kc5 59. Qa3+ Bb4 60. Qe3+ Qd4 61. Qe7+ Kb5 62. Qe8+ Kc5 63. Qf8+ Kc6 64. Qxf7 Qd1+ 65. Kg2 Qd5+ 66. Qxd5+ Kxd5 67. g4 hxg4 68. Kg3 Ke5 69. Kxg4 Bd2 70. f3 Bf4 71. h5 g5 72. h6 Kf6 73. Kh5 Kf7 74. Kg4 Kg6 75. Kh3 Kxh6 76. Kg2 Kh5 0-1

[Event "Early-Titled-Tuesday-Blitz-April-23-2024"]
[Site "Chess.com"]
[Date "2024.04.23"]
[Round "9"]
[White "Grischuk"]
[Black "h4parah5"]
[Result "1-0"]
[WhiteElo "3078"]
[BlackElo "3024"]
[TimeControl "180+1"]
[EndTime "9:50:55 PDT"]
[Termination "Grischuk won by resignation"]

1. d4 Nf6 2. c4 e6 3. Bg5 h6 4.
Bh4 d5 5. e3 Be7 6. Nc3 O-O 7.
Qc2 Nbd7 8. cxd5 exd5 9. Bd3 Re8 10. Nf3 c6 11. O-O Ne4 12. Bxe4 Bxh4 13. Bh7+ Kh8 14. Bd3 Be7 15. Rae1 Kg8 16. h3 Bf8 17. Bh7+ Kh8 18. Bd3 Kg8 19. a3 a5 20. Bh7+ Kh8 21. Bd3 Kg8 22.
Re2 b5 23. Rc1 Rb8 24. Qd1 Bb7 25. Rec2 Nb6 26. Ne2 Nc4 27. a4 Rc8 28. b3 Nd6 29.
Nf4 b4 30. Ne5 Qb6 31. Nd7 Qd8 32. Nxf8 Rxf8 33. Rc5 Re8 34. Qg4 Kh8 35. Nh5 Rg8 36.
Ng3 Ra8 37. Qf4 Qe7 38. Nf5 Nxf5 39. Qxf5 g6 40. Qf4 Kg7 41. h4 Rgd8 42. g3 Rd6 43. Qe5+ Qxe5 44. dxe5 Rd7 45. f4 h5 46. Kf2 f5 47. Ke2 Kf7 48. Kd2 Ke6 49. Bc2 Re7 50. Kd3 Kd7 51. Kd4 Re6 52. Bd3 Re7 53.
R1c2 Ra7 54. Be2 Ra8 55. Rc1 Ra7 56. Bf3 Ra8 57. R1c2 Re6 58. Bxd5 Rd8 59. e4 Ke8 60.
Ke3 cxd5 61. exf5 d4+ 62. Kd2 gxf5 63. Rxa5 Be4 64. Rc7 Rg6 65. Raa7 Rxg3 66. Rh7 Rg2+ 67. Ke1 Rg1+ 68. Kd2 Rg2+ 69. Ke1 Kf8 70. Rh8+ Rg8 71.
Rh6 Rg1+ 72. Kf2 Rg2+ 73. Kf1 d3 74. Rh8+ Rg8 75. Rhh7 Rg1+ 76. Kxg1 Kg8 77. Rag7+ Kf8 78.
Rd7 1-0

[Event "Early-Titled-Tuesday-Blitz-April-23-2024"]
[Site "Chess.com"]
[Date "2024.04.23"]
[Round "9"]
[White "Acva-Alenok"]
[Black "ScofieldMichael01"]
[Result "0-1"]
[WhiteElo "2357"]
[BlackElo "2581"]
[TimeControl "180+1"]
[EndTime "9:50:57 PDT"]
[Termination "ScofieldMichael01 won by resignation"]

1. d4 Nf6 2. c4 e6 3. Nf3 Bb4+ 4. Bd2 Be7 5. g3 d6 6. Bg2 O-O 7. O-O Nbd7 8. Qc2 e5 9. Bc3 exd4 10. Nxd4 Re8 11.
Nd2 Bf8 12. Rfe1 c6 13. b4 Qc7 14. a4 Ne5 15. b5 c5 16. Nf5 Be6 17. Bxe5 dxe5 18.
Ne3 Rad8 19. Red1 Qa5 20. Bxb7 g6 21. Bc6 Bd7 22. Bxd7 Rxd7 23. Ne4 Rxd1+ 24. Rxd1 Nxe4 25. Qxe4 Qxa4 26. Rd7 Bg7 27. Qd5 Rf8 28. Qd6 Qa1+ 29. Kg2 Qd4 30. Nd5 Qe4+ 31. Kg1 Qxe2 32. Rd8 Qe1+ 33.
Kg2 Qe4+ 34. Kg1 Qe1+ 35. Kg2 f5 36. Qe6+ Kh8 37. Rxf8+ Bxf8 38. Qf6+ Kg8 39. Qe6+ Kg7 40. Qf6+ Kg8 41. Qe6+ Kh8 42. Nc7 Qe4+ 43. Kg1 Qb7 44. Qf7 Qc8 45. Ne6 Bh6 46. Qf6+ Kg8 47. Qxe5 Qd7 48. f4 Qd1+ 49. Kf2 Qc2+ 50. Kf3 Qd3+ 51. Kf2 Qxc4 52. Qd6 Qc2+ 53. Kf3 Qe4+ 54. Kf2 Qc2+ 55. Kf3 Qc3+ 56. Ke2 Qf6 57. Qd7 Bf8 58. Qe8 Qf7 59. Qxf7+ Kxf7 60. Nd8+ Kf6 61.
Nc6 c4 62. Nxa7 Bc5 63. Kd2 Bxa7 64. Kc3 Ke6 65. Kxc4 Kd6 66. b6 Bxb6 0-1